PA
GALESBURG GUZZLERS @ DELAWARE 1787 BC
08/30/2038
 
TOP OF THE 1ST
Galesburg Guzzlers batting - Pitching for Delaware 1787 BC : RHP Malcolm Bullard
Pitching: RHP Malcolm Bullard
Batting: LHB Luis Escribano 0-0: Called Strike
0-1: Ball
1-1: Ground out 4-3 (Groundball, 4, EV 103.8 MPH)
Batting: LHB Darryl Harris 0-0: Called Strike
0-1: Ball
1-1: Foul Ball, location: 2F
1-2: Strikes out looking
Batting: RHB Gerald Johnston 0-0: Ground out 1-3 (Groundball, 15S, EV 65.0 MPH)
Top of the 1st over - 0 runs, 0 hits, 0 errors, 0 left on base; Galesburg 0 - Delaware 0
BOTTOM OF THE 1ST
Delaware 1787 BC batting - Pitching for Galesburg Guzzlers : RHP Li-chi Lou
Pitching: RHP Li-chi Lou
Batting: RHB Abhipala Srivastav 0-0: Ball
1-0: Ground out 6-3 (Groundball, 6, EV 104.4 MPH)
Batting: SHB Marc Cadiou 0-0: Ball
1-0: Ball
2-0: Ball
3-0: Base on Balls
Batting: LHB Samual Johnson 0-0: Ball
1-0: Swinging Strike
1-1: Fielders Choice at 2nd, 4-6 (Groundball, 4, EV 85.6 MPH)
Batting: LHB Luis González 0-0: Ball
1-0: Ball
2-0: Ball
3-0: Base on Balls
Samual Johnson to second
Batting: RHB Matt Méndez 0-0: Foul Ball, location: 2F
0-1: Called Strike
0-2: Ball
1-2: Foul Ball, location: 2F
1-2: Foul Ball, location: 2F
1-2: Ball
2-2: Ball
3-2: Base on Balls
Samual Johnson to third
Luis González to second
Batting: RHB Yong-ho Jheon 0-0: Ball
1-0: Ball
2-0: Ball
3-0: Called Strike
3-1: Base on Balls
Samual Johnson scores
Luis González to third
Matt Méndez to second
Batting: RHB Denis Perrin 0-0: Ball
1-0: Called Strike
1-1: Ground out 1-3 (Groundball, 13, EV 83.1 MPH)
Bottom of the 1st over - 1 run, 0 hits, 0 errors, 3 left on base; Galesburg 0 - Delaware 1
TOP OF THE 2ND
Galesburg Guzzlers batting - Pitching for Delaware 1787 BC : RHP Malcolm Bullard
Batting: LHB Leonid Machehin 0-0: Called Strike
0-1: Swinging Strike
0-2: Strikes out swinging
Batting: RHB Shi-xian Zhŕo 0-0: Swinging Strike
0-1: Foul Ball, location: 2F
0-2: Foul Ball, location: 2F
0-2: Ball
1-2: DOUBLE (Groundball, 5L, EV 102.5 MPH)
Batting: RHB Takeshi Taniguchi 0-0: Called Strike
0-1: Ball
1-1: Called Strike
Shi-xian Zhŕo is caught stealing 3rd base 2-5
1-2: Foul Ball, location: 2F
1-2: Ball
2-2: Strikes out swinging
Top of the 2nd over - 0 runs, 1 hit, 0 errors, 0 left on base; Galesburg 0 - Delaware 1
BOTTOM OF THE 2ND
Delaware 1787 BC batting - Pitching for Galesburg Guzzlers : RHP Li-chi Lou
Batting: RHB Lloyd van Grootveld 0-0: Swinging Strike
0-1: Fly out, F9 (Flyball, 9LSF, EV 92.5 MPH)
Batting: LHB Quentin Batkin 0-0: Ball
1-0: Ball
2-0: Ball
3-0: Base on Balls
Batting: RHB Abhipala Srivastav 0-0: SINGLE (Groundball, 6D, EV 104.4 MPH)
Quentin Batkin to second
Runner from 2nd tries for 3rd, SAFE, throw by LF made to third
Batting: SHB Marc Cadiou 0-0: Called Strike
0-1: Ball
1-1: Ball
2-1: Ball
3-1: Base on Balls
Abhipala Srivastav to second
Batting: LHB Samual Johnson 0-0: Ball
1-0: Called Strike
1-1: Ball
2-1: Foul Ball, location: 2F
2-2: Grounds into fielders choice 2-2 (Groundball, 15S, EV 66.9 MPH)
Abhipala Srivastav to third
Marc Cadiou to second
Batting: LHB Luis González 0-0: Ball
1-0: Ball
2-0: Foul Ball, location: 2F
2-1: Called Strike
2-2: Strikes out swinging
Bottom of the 2nd over - 0 runs, 1 hit, 0 errors, 3 left on base; Galesburg 0 - Delaware 1
TOP OF THE 3RD
Galesburg Guzzlers batting - Pitching for Delaware 1787 BC : RHP Malcolm Bullard
Batting: RHB Charles Ward 0-0: Called Strike
0-1: Fly out, F8 (Line Drive, 8LD, EV 94.4 MPH)
Batting: RHB Pedro Martínez 0-0: Called Strike
0-1: Swinging Strike
0-2: Ball
1-2: Strikes out swinging
Batting: LHB António Colón 0-0: Called Strike
0-1: Foul Ball, location: 2F
0-2: Ground out 4-3 (Groundball, 34, EV 89.4 MPH)
Top of the 3rd over - 0 runs, 0 hits, 0 errors, 0 left on base; Galesburg 0 - Delaware 1
BOTTOM OF THE 3RD
Delaware 1787 BC batting - Pitching for Galesburg Guzzlers : RHP Li-chi Lou
Batting: RHB Matt Méndez 0-0: Ball
1-0: Called Strike
1-1: Called Strike
1-2: Strikes out swinging
Batting: RHB Yong-ho Jheon 0-0: Ball
1-0: Ground out 5-3 (Groundball, 56, EV 105.6 MPH)
Batting: RHB Denis Perrin 0-0: Ball
1-0: Called Strike
1-1: SINGLE (Flyball, 78S, EV 91.2 MPH)
Batting: RHB Lloyd van Grootveld 0-0: Ball
1-0: Ball
2-0: Fielders Choice at 2nd, 5-4 (Groundball, 5, EV 100.0 MPH)
Bottom of the 3rd over - 0 runs, 1 hit, 0 errors, 1 left on base; Galesburg 0 - Delaware 1
TOP OF THE 4TH
Galesburg Guzzlers batting - Pitching for Delaware 1787 BC : RHP Malcolm Bullard
Batting: LHB Luis Escribano 0-0: Called Strike
0-1: Foul Ball, location: 2F
0-2: Ball
1-2: Ground out 4-3 (Groundball, 4, EV 99.4 MPH)
Batting: LHB Darryl Harris 0-0: Ball
1-0: Foul Ball, location: 2F
1-1: Called Strike
1-2: Ball
2-2: Ball
3-2: SINGLE (Groundball, 34D, EV 108.8 MPH)
Batting: RHB Gerald Johnston 0-0: Ball
1-0: Grounds into double play, 6-4-3 (Groundball, 6, EV 92.5 MPH)
Top of the 4th over - 0 runs, 1 hit, 0 errors, 0 left on base; Galesburg 0 - Delaware 1
BOTTOM OF THE 4TH
Delaware 1787 BC batting - Pitching for Galesburg Guzzlers : RHP Li-chi Lou
Batting: LHB Quentin Batkin 0-0: Foul Ball, location: 2F
0-1: Swinging Strike
0-2: Ball
1-2: Ball
2-2: Strikes out swinging
Batting: RHB Abhipala Srivastav 0-0: Called Strike
0-1: Foul Ball, location: 2F
0-2: Ball
1-2: Ground out 4-3 (Groundball, 4, EV 90.0 MPH)
Batting: SHB Marc Cadiou 0-0: Foul Ball, location: 2F
0-1: Called Strike
0-2: Fly out, F9 (Flyball, 9D, EV 82.5 MPH)
Bottom of the 4th over - 0 runs, 0 hits, 0 errors, 0 left on base; Galesburg 0 - Delaware 1
TOP OF THE 5TH
Galesburg Guzzlers batting - Pitching for Delaware 1787 BC : RHP Malcolm Bullard
Batting: LHB Leonid Machehin 0-0: Ball
1-0: Fly out, F8 (Flyball, 8LXD, EV 105.6 MPH)
Batting: RHB Shi-xian Zhŕo 0-0: Called Strike
0-1: Foul Ball, location: 2F
0-2: Ball
1-2: Ball
2-2: Strikes out looking
Batting: RHB Takeshi Taniguchi 0-0: Fly out, F7 (Flyball, 7, EV 83.8 MPH)
Top of the 5th over - 0 runs, 0 hits, 0 errors, 0 left on base; Galesburg 0 - Delaware 1
BOTTOM OF THE 5TH
Delaware 1787 BC batting - Pitching for Galesburg Guzzlers : RHP Li-chi Lou
Batting: LHB Samual Johnson 0-0: Called Strike
0-1: Ball
1-1: Called Strike
1-2: Fly out, F7 (Flyball, 78M, EV 76.2 MPH)
Batting: LHB Luis González 0-0: Ball
1-0: Called Strike
1-1: Called Strike
1-2: Ball
2-2: Strikes out swinging
Batting: RHB Matt Méndez 0-0: Foul Ball, location: 2F
0-1: Ball
1-1: Foul Ball, location: 2F
1-2: Ball
2-2: Ball
3-2: Fly out, F7 (Flyball, 7, EV 94.4 MPH)
Bottom of the 5th over - 0 runs, 0 hits, 0 errors, 0 left on base; Galesburg 0 - Delaware 1
TOP OF THE 6TH
Galesburg Guzzlers batting - Pitching for Delaware 1787 BC : RHP Malcolm Bullard
Batting: RHB Charles Ward 0-0: Foul Ball, location: 2F
0-1: Ground out 4-3 (Groundball, 4, EV 90.0 MPH)
Batting: RHB Pedro Martínez 0-0: Ball
1-0: Swinging Strike
1-1: Ball
2-1: Reached on error, E6 (Groundball, 6, EV 82.5 MPH)
Batting: LHB António Colón 0-0: Ball
1-0: Ball
2-0: Ball
3-0: Base on Balls
Batting: LHB Luis Escribano 0-0: Ball
1-0: Fly out, F8 (Flyball, 78D, EV 94.4 MPH)
Batting: LHB Darryl Harris 0-0: Ball
1-0: Ball
2-0: Swinging Strike
2-1: Swinging Strike
2-2: Ball
3-2: Foul Ball, location: 2F
3-2: Fly out, F7 (Line Drive, 78S, EV 103.1 MPH)
Top of the 6th over - 0 runs, 0 hits, 1 error, 2 left on base; Galesburg 0 - Delaware 1
BOTTOM OF THE 6TH
Delaware 1787 BC batting - Pitching for Galesburg Guzzlers : RHP Li-chi Lou
Pitching: RHP Aarnoud Luyks
Batting: RHB Yong-ho Jheon 0-0: Called Strike
0-1: Called Strike
0-2: Ball
1-2: Ball
2-2: Strikes out looking
Batting: RHB Denis Perrin 0-0: Ball
1-0: Ball
2-0: Ball
3-0: Called Strike
3-1: Foul Ball, location: 2F
3-2: Foul Ball, location: 2F
3-2: Strikes out swinging
Batting: RHB Lloyd van Grootveld 0-0: Ball
1-0: Fly out, F8 (Line Drive, 8RD, EV 109.4 MPH)
Bottom of the 6th over - 0 runs, 0 hits, 0 errors, 0 left on base; Galesburg 0 - Delaware 1
TOP OF THE 7TH
Galesburg Guzzlers batting - Pitching for Delaware 1787 BC : RHP Malcolm Bullard
Batting: RHB Gerald Johnston 0-0: SINGLE (Groundball, 6D, EV 111.2 MPH)
Batting: LHB Leonid Machehin 0-0: Swinging Strike
0-1: Swinging Strike
0-2: Ball
1-2: Foul Ball, location: 2F
1-2: Ball
2-2: Foul Ball, location: 2F
2-2: Foul Ball, location: 2F
2-2: Ball
3-2: Foul Ball, location: 2F
3-2: Strikes out swinging
Gerald Johnston steals 2nd base
Batter strikes out.
Batting: RHB Shi-xian Zhŕo 0-0: Called Strike
0-1: Foul Ball, location: 2F
0-2: Foul Ball, location: 2F
0-2: Ball
1-2: Strikes out swinging
Batting: RHB Takeshi Taniguchi 0-0: Called Strike
0-1: Ball
1-1: Foul Ball, location: 2F
1-2: Strikes out looking
Top of the 7th over - 0 runs, 1 hit, 0 errors, 1 left on base; Galesburg 0 - Delaware 1
BOTTOM OF THE 7TH
Delaware 1787 BC batting - Pitching for Galesburg Guzzlers : RHP Aarnoud Luyks
Batting: LHB Quentin Batkin 0-0: Ball
1-0: Ball
2-0: Ball
3-0: Called Strike
3-1: Called Strike
3-2: Foul Ball, location: 2F
3-2: Ground out 4-3 (Groundball, 4, EV 103.1 MPH)
Batting: RHB Abhipala Srivastav 0-0: Called Strike
0-1: SOLO HOME RUN (Flyball, 9LD, EV 98.1 MPH), Distance : 326 ft
Batting: SHB Marc Cadiou 0-0: Called Strike
0-1: Ball
1-1: Foul Ball, location: 2F
1-2: Strikes out swinging
Batting: LHB Samual Johnson 0-0: Ball
1-0: Ball
2-0: Called Strike
2-1: Foul Ball, location: 2F
2-2: Ball
3-2: Base on Balls
Batting: LHB Luis González 0-0: Called Strike
0-1: Ball
1-1: Ball
2-1: Ball
3-1: Base on Balls
Samual Johnson to second
Batting: RHB Matt Méndez 0-0: Ball
1-0: Foul Ball, location: 2F
1-1: Foul Ball, location: 2F
1-2: Ball
2-2: Ball
3-2: Fly out, F7 (Flyball, 78S, EV 88.8 MPH)
Bottom of the 7th over - 1 run, 1 hit, 0 errors, 2 left on base; Galesburg 0 - Delaware 2
TOP OF THE 8TH
Galesburg Guzzlers batting - Pitching for Delaware 1787 BC : RHP Malcolm Bullard
Batting: RHB Charles Ward 0-0: Ball
1-0: Ball
2-0: Swinging Strike
2-1: Fly out, F9 (Flyball, 9, EV 93.1 MPH)
Batting: RHB Pedro Martínez 0-0: Fly out, F7 (Flyball, 7LM, EV 84.4 MPH)
Batting: LHB António Colón 0-0: Ball
1-0: Foul Ball, location: 2F
1-1: Ball
2-1: Foul Ball, location: 2F
2-2: Ball
3-2: Strikes out swinging
Top of the 8th over - 0 runs, 0 hits, 0 errors, 0 left on base; Galesburg 0 - Delaware 2
BOTTOM OF THE 8TH
Delaware 1787 BC batting - Pitching for Galesburg Guzzlers : RHP Aarnoud Luyks
Batting: RHB Yong-ho Jheon 0-0: Foul Ball, location: 2F
0-1: Reached via error on a dropped throw from 2B, E3 (Groundball, 34, EV 99.4 MPH)
Batting: RHB Denis Perrin 0-0: Sac Bunt to 15 - play at first, batter OUT! 1-3
Yong-ho Jheon to second
Batting: RHB Lloyd van Grootveld 0-0: Intentional Walk
Batting: LHB Quentin Batkin 0-0: Swinging Strike
0-1: Ball
1-1: Ball
2-1: Ball
3-1: Foul Ball, location: 2F
3-2: Foul Ball, location: 2F
3-2: Foul Ball, location: 2F
3-2: Foul Ball, location: 2F
3-2: Foul Ball, location: 2F
3-2: Reached on error, E1 (Groundball, 13, EV 88.8 MPH)
Yong-ho Jheon to third
Lloyd van Grootveld to second
Pitching: RHP Bob Close
Batting: RHB Abhipala Srivastav 0-0: Called Strike
0-1: Ball
1-1: Ball
2-1: Ball
3-1: Base on Balls
Yong-ho Jheon scores
Lloyd van Grootveld to third
Quentin Batkin to second
Batting: SHB Marc Cadiou 0-0: Ball
1-0: Called Strike
1-1: DOUBLE (Line Drive, 9LS, EV 103.1 MPH)
Lloyd van Grootveld scores
Quentin Batkin scores
Abhipala Srivastav to third
Batting: LHB Samual Johnson 0-0: SINGLE (Line Drive, 34D, EV 105.6 MPH)
Abhipala Srivastav scores
Marc Cadiou to third
Batting: LHB Luis González 0-0: TRIPLE (Flyball, 9LD, EV 113.8 MPH)
Marc Cadiou scores
Samual Johnson scores
Pinch Hitting: RHB Gene Payne 0-0: Ball
1-0: Called Strike
1-1: Called Strike
1-2: SINGLE (Groundball, 34D, EV 94.4 MPH)
Luis González scores
Pitching: RHP Corey Holt
Batting: RHB Yong-ho Jheon 0-0: Foul Ball, location: 2F
0-1: Foul Ball, location: 2F
0-2: Ball
1-2: Foul Ball, location: 2F
1-2: Grounds into double play, 5-4-3 (Groundball, 56, EV 100.0 MPH)
Bottom of the 8th over - 7 runs, 4 hits, 2 errors, 0 left on base; Galesburg 0 - Delaware 9
TOP OF THE 9TH
Galesburg Guzzlers batting - Pitching for Delaware 1787 BC : RHP Malcolm Bullard
Now in LF: Gene Payne
Batting: LHB Luis Escribano 0-0: Swinging Strike
0-1: Foul Ball, location: 2F
0-2: Foul Ball, location: 2F
0-2: Ball
1-2: Ball
2-2: Strikes out swinging
Batting: LHB Darryl Harris 0-0: Called Strike
0-1: Ball
1-1: SOLO HOME RUN (Flyball, 89XD, EV 96.2 MPH), Distance : 378 ft
Batting: RHB Gerald Johnston 0-0: Ball
1-0: Ball
2-0: Called Strike
2-1: Called Strike
2-2: Foul Ball, location: 2F
2-2: Strikes out swinging
Pinch Hitting: RHB Ju-ho Ko 0-0: Called Strike
0-1: Ball
1-1: Ground out 6-3 (Groundball, 6, EV 105.6 MPH)
Top of the 9th over - 1 run, 1 hit, 0 errors, 0 left on base; Galesburg 1 - Delaware 9
Friday, April 17th, 2020 - OOTP Baseball 20.8 Build 74